 Dungeon Crawl Stone Soup version 0.20.1-1-g8b1a95d (webtiles) character file.

14680 vineage the Spear-Bearer (level 11, 0/84 HPs)
             Began as a Demonspawn Gladiator on Aug 22, 2017.
             Was a High Priest of Okawaru.
             Shot with an arrow by a centaur (9 damage)
             ... on level 11 of the Dungeon.
             The game lasted 00:37:58 (9992 turns).

vineage the Spear-Bearer (Demonspawn Gladiator)     Turns: 9992, Time: 00:37:58

Health: 0/84       AC: 17    Str: 26    XL:     11   Next: 91%
Magic:  11/11      EV: 15    Int: 11    God:    Okawaru [*****.]
Gold:   627        SH:  0    Dex: 14    Spells: 10/10 levels left

rFire    + + +     SeeInvis .   K - +6 spear "Utoloch" {venom, *Contam rF++ rN+ Int+4}
rCold    + + .     Gourm    .   (no shield)
rNeg     + . .     Faith    .   O - +1 robe of the Armoured One {rPois rF+ MR++ Int-4} (curse)
rPois    +         Spirit   .   G - +2 helmet
rElec    +         Reflect  .   (no cloak)
rCorr    +         Harm     +   (no gloves)
MR       +....                  F - +1 pair of boots
Stlth    ++++......             m - amulet of harm
Regen    0.3/turn               J - +5 ring of strength
MPRegen  0.2/turn               D - ring of Xom's Benevolence {rCorr rC+ MR- Str+4}

@: sanguine armour, flying
A: camouflage 1, cold resistance 1, demonic guardian 2, electricity resistance,
rot immunity, sanguine armour 2
a: Heroism, Finesse, Renounce Religion


You were on level 11 of the Dungeon.
You worshipped Okawaru.
Okawaru was extremely pleased with you.
You were hungry.

You visited 2 branches of the dungeon, and saw 12 of its levels.

You collected 627 gold pieces.

Inventory:

Hand Weapons
 t - a +2 hand axe of chopping
 B - a +2 dire flail of protection
 K - the +6 spear "Utoloch" (weapon) {venom, *Contam rF++ rN+ Int+4}
   (You found it on level 7 of the Dungeon)

   It poisons the flesh of those it strikes.
   It affects your intelligence (+4).
   It greatly protects you from fire.
   It protects you from negative energy.
   It causes magical contamination when unequipped.
 Q - the +2 mace of Variability {chaos}
   (You found it on level 9 of the Dungeon)

   Each time it hits an enemy it has a different, random effect.
 X - the +0 bardiche of Uteo {antimagic, rF++ rC+}
   (Okawaru gifted it to you on level 11 of the Dungeon)

   It reduces the magical energy of the wielder, and disrupts the spells and
   magical abilities of those hit.
   Natural abilities and divine invocations are not affected.
   It greatly protects you from fire.
   It protects you from cold.
Missiles
 d - 3 throwing nets (quivered)
Armour
 s - a +1 scale mail of poison resistance
 C - a +2 chain mail of positive energy
 F - a +1 pair of boots (worn)
 G - a +2 helmet (worn)
 L - a +0 ring mail of poison resistance
 O - the cursed +1 robe of the Armoured One (worn) {rPois rF+ MR++ Int-4}
   (You took it off an orc on level 7 of the Dungeon)

   It affects your intelligence (-4).
   It protects you from fire.
   It protects you from poison.
   It affects your resistance to hostile enchantments.
   It has a curse placed upon it.
 P - a +1 robe of cold resistance
Jewellery
 g - a +2 ring of evasion
 k - an uncursed ring of protection from magic
 m - an amulet of harm (around neck)
 p - a +1 ring of protection
 D - the ring of Xom's Benevolence (right hand) {rCorr rC+ MR- Str+4}
   (You found it on level 4 of the Dungeon)

   [ring of resist corrosion]

   It affects your strength (+4).
   It protects you from cold.
   It affects your resistance to hostile enchantments.
 E - a +5 ring of dexterity {unknown}
 I - an uncursed ring of wizardry
 J - a +5 ring of strength (left hand)
 M - a +3 ring of protection
 W - an uncursed amulet of rage {unknown}
Wands
 j - a wand of random effects (8/48)
 o - a wand of random effects (32/48)
 v - a wand of paralysis (5/24)
 V - a wand of digging (13/24)
Scrolls
 b - 2 scrolls of enchant weapon
 e - 4 scrolls of teleportation
 n - 2 scrolls of magic mapping
 u - 2 scrolls of blinking
 w - a scroll of immolation
 y - 4 scrolls of recharging
 A - 2 scrolls of fog
 R - a scroll of enchant armour
 U - a scroll of identify
Potions
 r - 5 potions of flight
 x - a potion of brilliance
 z - 4 potions of magic
 S - a potion of cancellation
 T - a potion of resistance
Books
 a - a book of Air

   Spells                             Type                      Level
   a - Shock                          Conjuration/Air              1
   b - Swiftness                      Charms/Air                   2
   c - Static Discharge               Conjuration/Air              3
   d - Airstrike                      Air                          4
   e - Lightning Bolt                 Conjuration/Air              5
 c - a book of Maledictions

   Spells                             Type                      Level
   a - Corona                         Hexes                        1
   b - Ensorcelled Hibernation        Hexes/Ice                    2
   c - Confuse                        Hexes                        3
   d - Tukima's Dance                 Hexes                        3
   e - Dazzling Spray                 Conjuration/Hexes            3
Comestibles
 f - 6 bread rations
 l - 2 meat rations
 H - 8 royal jellies


   Skills:
 + Level 7.2 Fighting
 - Level 5.7(10.3) Axes
 - Level 7.0(8.0) Maces & Flails
 * Level 11.3(11.8) Polearms
 + Level 1.9 Throwing
 + Level 5.0 Armour
 + Level 6.1 Dodging
 + Level 4.1 Stealth
 + Level 0.3 Invocations


You had 10 spell levels left.
You didn't know any spells.

Dungeon Overview and Level Annotations

Branches:
Dungeon (11/15)            Temple (1/1) D:7            Lair (0/6) D:10
    Orc: D:9-12

Altars:
Cheibriados
Elyvilon
Fedhas
Gozag
Nemelex Xobeh
Okawaru
Ru
Uskayaw
Vehumet

Shops:
D:10 (

Annotations:
D:10 1 runed door


Innate Abilities, Weirdness & Mutations

A demonic guardian rushes to your aid.
You are immune to rotting.
When seriously injured, your bleeding wounds create thick armour. (AC +9)
Your skin changes colour to match your surroundings (Stealth+).
Your flesh is cold resistant. (rC+)
You are resistant to electric shocks. (rElec)


Message History

The centaur wields a glowing shortbow.
The centaur shoots an arrow.
The arrow hits you.
* * * LOW HITPOINT WARNING * * *
x2 Your sixfirhy hits the centaur!
Your sixfirhy shocks the centaur!
You are too injured to fight recklessly!
Unknown command.
You are too injured to fight recklessly!
You are too injured to fight recklessly!
You feel very buoyant.
You fly up into the air.
Your sixfirhy hits the centaur!
The centaur dies!
Okawaru accepts your kill.
Your sixfirhy hits the centaur!
The centaur dies!
Okawaru accepts your kill.
The centaur shoots an arrow.
The arrow hits you but does no damage.
The centaur wields a shortbow.
The centaur shoots an arrow.
The arrow hits your sixfirhy!
You swap places.
The centaur shoots an arrow.
The arrow hits you!
You die...

.......#....###.#.#..#
...##.........T......#
...##.##.#..###.#.##.#.#
................(......#
...##............(####.#
..............##..#
...o......######..#
......####.# #.3.#
######.. #.# #.@.# ..#
#. #)).# ### #.c.# .c..#
#....# #.o..# #....#
...#.#


You could see a troll (sleeping), 2 centaurs, an orc and a friendly sixfirhy.

Vanquished Creatures
  The ghost of galech the Grappler, a journeyman TrMo of Okawaru (D:11)
  A yaktaur captain (D:10)
  2 two-headed ogres
  A deep elf mage (D:10)
  2 ugly things
  3 centaur zombies
  A queen bee (D:9)
  A shadow (D:10)
  2 wraiths
  A steam dragon (D:11)
  9 yaks
  3 water moccasins
  Duvessa (D:4)
  2 phantoms
  8 orc warriors
  7 ice beasts
  3 ogres
  4 sky beasts
  4 centaurs
  A crocodile (D:7)
  A big kobold (D:8)
  8 bullfrogs
  10 killer bees
  2 wights (D:11)
  4 howler monkeys
  4 crimson imps
  A bullfrog skeleton (D:10)
  A jelly (D:9)
  12 orc wizards
  A gnoll shaman (D:8)
  5 orc priests
  A centaur skeleton (D:4)
  7 hounds
  An iguana (D:11)
  3 worker ants
  A hound zombie (D:7)
  3 hound skeletons
  Robin (D:2)
  2 worker ant zombies
  14 gnolls
  10 adders
  A howler monkey skeleton (D:5)
  2 shadow imps
  An ooze (D:5)
  2 adder skeletons
  A worm (D:3)
  8 leopard geckos
  35 orcs
  2 ball pythons
  6 giant cockroaches
  15 goblins
  11 hobgoblins
  6 jackals
  3 quokkas
  7 bats
  4 frilled lizards
  A jackal zombie (D:8)
  7 kobolds
  6 rats
267 creatures vanquished.

Vanquished Creatures (collateral kills)
  A hydra (D:11)
  2 two-headed ogres
  The ghost of vineage the Cleaver, a novice DsGl of Xom (D:8)
  A gargoyle (D:10)
  The ghost of attackplan the Shield-Bearer, an amateur HOFi (D:4)
  Grinder (D:3)
  A hippogriff (D:7)
  8 yaks
  Eustachio (D:6)
  Menkaure (D:6)
  Edmund (D:4)
  A water moccasin (D:5)
  An orc warrior (D:6)
  An ice beast (D:7)
  5 centaurs (D:11)
  3 necrophages
  3 ogres
  A scorpion (D:10)
  Dowan (D:4)
  7 killer bees (D:9)
  2 wights (D:11)
  A howler monkey (D:11)
  A crimson imp (D:8)
  An orc priest (D:5)
  An adder (D:6)
  3 orcs
  A giant cockroach (D:4)
  A quokka (D:8)
53 creatures vanquished.

Grand Total: 320 creatures vanquished

Notes
Turn   | Place    | Note
-------+----------+-------------------------------------------
     0 | D:1      | vineage the Demonspawn Gladiator began the quest for the Orb.
     0 | D:1      | Reached XP level 1. HP: 16/16 MP: 1/1
    73 | D:1      | Gained mutation: When seriously injured, your bleeding wounds create armour. (AC +9) [demonic ancestry]
    73 | D:1      | Reached XP level 2. HP: 20/22 MP: 2/2
   723 | D:2      | Found a white marble altar of Elyvilon.
   791 | D:2      | Gained mutation: A weak demonic guardian rushes to your aid. [demonic ancestry]
   791 | D:2      | Reached XP level 3. HP: 26/27 MP: 3/3
  1058 | D:2      | Found a sacrificial altar of Ru.
  1329 | D:2      | Found a sacrificial altar of Ru.
  1383 | D:2      | Noticed Robin
  1407 | D:2      | Killed Robin
  1407 | D:2      | Gained mutation: A demonic guardian rushes to your aid. [demonic ancestry]
  1407 | D:2      | Reached XP level 4. HP: 16/34 MP: 4/4
  1637 | D:3      | Noticed Grinder
  1641 | D:3      | Reached skill level 1 in Armour
  1646 | D:3      | Killed Grinder
  1646 | D:3      | Reached XP level 5. HP: 7/41 MP: 5/5
  2000 | D:3      | Found a faded altar of an unknown god.
  2263 | D:4      | Reached XP level 6. HP: 38/47 MP: 6/6
  2404 | D:4      | Reached skill level 5 in Axes
  2751 | D:4      | Noticed attackplan's ghost (amateur HOFi)
  2763 | D:4      | Killed attackplan's ghost
  2836 | D:4      | Noticed Duvessa
  2837 | D:4      | Noticed Dowan
  2842 | D:4      | Killed Dowan
  2867 | D:4      | Killed Duvessa
  2867 | D:4      | Gained mutation: When seriously injured, your bleeding wounds create thick armour. (AC +9) [demonic ancestry]
  2867 | D:4      | Reached XP level 7. HP: 33/52 MP: 7/7
  2927 | D:4      | Noticed Edmund
  2942 | D:4      | Killed Edmund
  2994 | D:4      | Got a faintly glowing marble ring
  3065 | D:4      | Identified the ring of Xom's Benevolence {rCorr rC+ MR- Str+4} (You found it on level 4 of the Dungeon)
  3163 | D:5      | Entered Level 5 of the Dungeon
  3235 | D:5      | Reached skill level 1 in Maces & Flails
  4003 | D:5      | Found a sparkling altar of Nemelex Xobeh.
  4003 | D:5      | Found a blossoming altar of Fedhas.
  4020 | D:5      | Reached XP level 8. HP: 60/60 MP: 8/8
  4288 | D:6      | Noticed Eustachio
  4324 | D:6      | Killed Eustachio
  4339 | D:6      | Reached skill level 5 in Maces & Flails
  4459 | D:6      | Noticed Menkaure
  4467 | D:6      | Killed Menkaure
  5180 | D:7      | Reached skill level 5 in Fighting
  5332 | D:7      | Reached XP level 9. HP: 67/68 MP: 9/9
  5711 | D:7      | Found a hide-covered altar of Uskayaw.
  5719 | D:7      | Got an iridescent spear
  5731 | D:7      | Identified the +6 spear "Utoloch" {venom, *Contam rF++ rN+ Int+4} (You found it on level 7 of the Dungeon)
  5887 | D:7      | Found a staircase to the Ecumenical Temple.
  5899 | D:7      | Reached skill level 1 in Polearms
  6056 | Temple   | Entered the Ecumenical Temple
  6069 | Temple   | Became a worshipper of Warmaster Okawaru
  6309 | D:7      | Reached skill level 2 in Polearms
  6342 | D:7      | Got an ominously black robe
  6353 | D:7      | Identified the cursed +1 robe of the Armoured One {rPois rF+ MR++ Int-4} (You took it off an orc on level 7 of the Dungeon)
  6462 | D:8      | Reached * piety under Okawaru
  6462 | D:8      | Reached skill level 3 in Polearms
  6463 | D:8      | Reached skill level 1 in Stealth
  6504 | D:8      | Noticed vineage's ghost (novice DsGl)
  6523 | D:8      | Killed vineage's ghost
  6523 | D:8      | Reached skill level 4 in Polearms
  6532 | D:8      | Reached ** piety under Okawaru
  6532 | D:8      | Reached skill level 5 in Armour
  6886 | D:8      | Reached XP level 10. HP: 67/76 MP: 10/10
  6911 | D:8      | Reached skill level 5 in Polearms
  7443 | D:9      | Reached *** piety under Okawaru
  7443 | D:9      | Reached skill level 6 in Polearms
  7443 | D:9      | Reached skill level 5 in Dodging
  7622 | D:9      | Gained mutation: You tend to lose your temper in combat. [mutagenic glow]
  7853 | D:9      | Noticed a two-headed ogre
  7858 | D:9      | Killed a two-headed ogre
  7965 | D:9      | Reached **** piety under Okawaru
  8018 | D:9      | Reached skill level 7 in Polearms
  8181 | D:10     | Entered Level 10 of the Dungeon
  8242 | D:10     | Noticed a two-headed ogre
  8264 | D:10     | Killed a two-headed ogre
  8264 | D:10     | Received a gift from Okawaru
  8272 | D:10     | Reached skill level 8 in Polearms
  8288 | D:10     | Found Gick's Antique Weapon Shoppe.
  8388 | D:10     | Reached ***** piety under Okawaru
  8419 | D:10     | Found a runed door.
  8422 | D:10     | Noticed a yaktaur captain
  8427 | D:10     | Found a runed door.
  8427 | D:10     | Found a runed door.
  8459 | D:10     | Killed a yaktaur captain
  8459 | D:10     | Gained mutation: You are immune to rotting. [demonic ancestry]
  8459 | D:10     | Reached XP level 11. HP: 83/83 MP: 11/11
  8464 | D:10     | Received a gift from Okawaru
  8469 | D:10     | Reached skill level 9 in Polearms
  8887 | D:10     | Noticed a white ugly thing
  8904 | D:10     | Killed a white ugly thing
  9011 | D:10     | Noticed a deep elf mage
  9024 | D:10     | Killed a deep elf mage
  9037 | D:10     | Found a staircase to the Lair.
  9173 | D:11     | Noticed a six-headed hydra
  9176 | D:11     | Noticed a two-headed ogre
  9187 | D:11     | Killed a six-headed hydra
  9187 | D:11     | Reached skill level 10 in Polearms
  9192 | D:11     | Killed a two-headed ogre
  9202 | D:11     | Noticed a two-headed ogre
  9215 | D:11     | Killed a two-headed ogre
  9299 | D:11     | Noticed galech's ghost (journeyman TrMo)
  9338 | D:11     | Killed galech's ghost
  9338 | D:11     | Received a gift from Okawaru
  9346 | D:11     | Got a twisted bardiche {god gift}
  9347 | D:11     | Identified the +0 bardiche of Uteo {antimagic, rF++ rC+} (Okawaru gifted it to you on level 11 of the Dungeon)
  9350 | D:11     | Gained mutation: You are resistant to electric shocks. (rElec) [mutagenic glow]
  9562 | D:11     | Reached skill level 11 in Polearms
  9870 | D:11     | Noticed a green ugly thing
  9884 | D:11     | Noticed a centaur warrior
  9888 | D:11     | Killed a green ugly thing
  9990 | D:11     | Lost mutation: You tend to lose your temper in combat. [potion of mutation]
  9990 | D:11     | Gained mutation: Your skin changes colour to match your surroundings (Stealth+). [potion of mutation]
  9990 | D:11     | Gained mutation: Your flesh is cold resistant. (rC+) [potion of mutation]
  9992 | D:11     | Shot with an arrow by a centaur

Skill      XL: |  1  2  3  4  5  6  7  8  9 10 11 |
---------------+----------------------------------+-----
Axes           | 3 4 5 |  5.7
Dodging        | 3 4 5 6 |  6.1
Armour         | 1 2 3 5 |  5.0
Fighting       | 3 4 5 6 7 |  7.2
Maces & Flails | 2 6 7 |  7.0
Polearms       | 4 8 11 | 11.3
Stealth        | 1 3 4 |  4.1
Throwing       | |  1.9
Invocations    | |  0.3

Action                   |  1- 3 |  4- 6 |  7- 9 | 10-12 || total
-------------------------+-------+-------+-------+-------++-------
Melee: War axe           |   118 |    25 |       |       ||   143
       Hand axe          |       |    70 |     1 |       ||    71
       Dire flail        |       |       |   208 |       ||   208
       Spear             |       |       |    94 |   403 ||   497
       Great mace        |       |       |       |     2 ||     2
Invok: Heroism           |       |       |       |     1 ||     1
  Use: Potion            |       |     9 |     2 |    12 ||    23
       Scroll            |       |       |    15 |     7 ||    22
 Stab: Distracted        |       |       |     1 |     4 ||     5
       Sleeping          |       |       |       |     5 ||     5
  Eat: Chunk             |     1 |     2 |     3 |     2 ||     8
       Meat ration       |       |     1 |     2 |       ||     3
       Royal jelly       |       |       |     1 |     2 ||     3
Armor: Leather armour    |    27 |       |       |       ||    27
       Scale mail        |    31 |    37 |       |       ||    68
       Chain mail        |       |       |   128 |       ||   128
       Robe              |       |       |     6 |    61 ||    67
Dodge: Dodged            |   123 |    73 |   160 |   173 ||   529
